 Dungeon Crawl Stone Soup version 0.31-a0-229-g1fc7ce93e2 (webtiles) character file.

Game seed: 5975348854456578255

155 qw the Shooter (level 5, -4/30 HPs)
             Began as a Gargoyle Hexslinger on July 6, 2023.
             Slain by a gnoll
             ... wielding a +0 spear
             ... led by a gnoll bouda
              (7 damage)
             ... on level 4 of the Dungeon.
             The game lasted 00:00:46 (2494 turns).

qw the Shooter (Gargoyle Hexslinger)                Turns: 2494, Time: 00:00:46

Health: -4/30      AC: 10    Str: 12    XL:     5   Next: 37%
Magic:  6/6        EV: 10    Int: 13    God:
Gold:   110        SH:  0    Dex: 14    Spells: 5/6 levels left

rFire   . . .        Y - +2 sling (chaos)
rCold   . . .        (no shield)
rNeg    + . .        a - +0 ring mail
rPois   inf          (no helmet)
rElec   +            (no cloak)
rCorr   .            (no gloves)
SInv    .            f - +0 pair of boots
Will    .....        (no amulet)
Stlth   +            (no ring)
HPRegen 0.25/turn    (no ring)
MPRegen 0.10/turn

%: no passive effects
@: no status effects
A: sickness immunity, AC +4, negative energy resistance 1, electricity
resistance, torment resistance 1, petrification resistance
a: no special abilities


You were on level 4 of the Dungeon.
You visited 1 branch of the dungeon, and saw 4 of its levels.

You collected 155 gold pieces.
You spent 45 gold pieces at shops.


Innate Abilities, Weirdness & Mutations

You are immune to sickness and miasma.
Your stone body is resilient. (AC +4)
You are immune to poison.
You resist negative energy. (rN+)
You are resistant to electric shocks. (rElec)
You are resistant to unholy torment.
You are immune to petrification.


   Skills:
 - Level 2.0 Fighting
 + Level 4.6 Ranged Weapons
 - Level 2.1 Armour
 - Level 1.5 Dodging
 - Level 1.0 Spellcasting
 - Level 2.6 Hexes


You had 5 spell levels left.
You knew the following spells:

 Your Spells              Type           Power      Damage    Failure   Level
a - Slow                  Hex            28%        N/A       21%         1

Your spell library contained the following spells:

 Spells                   Type           Power      Damage    Failure   Level
 Inner Flame              Hex/Fire       4%         N/A       71%         3
 Portal Projectile        Hex/Tloc       8%         N/A       71%         3
 Cause Fear               Hex            3%         N/A       90%         4

Inventory:

Hand Weapons
 Y - a +2 sling of chaos (weapon)
Armour
 a - a +0 ring mail (worn)
 f - a +0 pair of boots (worn)
Jewellery
 c - the amulet of Elemental Vulnerability {rPois rF-- rC-- AC+8}
   (You found it on level 4 of the Dungeon)

   [amulet of nothing]

   AC:        It affects your AC (+8).
   rF:        It makes you very vulnerable to fire.
   rC:        It makes you very vulnerable to cold.
   rPois:     It protects you from poison.
Scrolls
 e - a scroll of identify
Potions
 b - a potion of curing
 g - a potion of enlightenment {unknown}
 i - a potion of magic {unknown}

Dungeon Overview and Level Annotations

Branches:
Dungeon (4/15)
 Temple: D:4-7

Altars:
Uskayaw

Shops:
D:3 *

Annotations:
D:3 1 runed translucent door, Crazy Yiuf


Message History

The gnoll bouda hits you with a +0 whip.
The gnoll hits you with a +0 whip.
The gnoll hits you from afar with a +0 spear.
The gnoll bouda hits you but does no damage.
You shoot a sling bullet. The sling bullet hits the gnoll bouda.
The gnoll bouda is severely wounded.
The gnoll hits you but does no damage. The gnoll barely misses you.
The gnoll bouda gazes fiercely through you!
You feel as though you will be weak longer.
The gnoll bouda hits you with a +0 whip.
The gnoll hits you but does no damage. x2
You shoot a sling bullet. The sling bullet hits the gnoll bouda!
You kill the gnoll bouda!
The gnoll hits you from afar with a +0 spear.
The gnoll misses you.
You shoot a sling bullet.
The sling bullet barely misses the gnoll.
The gnoll barely misses you. x2; The goblin hits you but does no damage.
You shoot a sling bullet.
The sling bullet hits the gnoll but does no damage.
The gnoll is poisoned.
The gnoll hits you from afar with a +0 spear.
The gnoll barely misses you. The endoplasm barely misses you.
The goblin hits you but does no damage. The gnoll hits you with a +0 whip.
The gnoll closely misses you.
You shoot a sling bullet.
The sling bullet closely misses the gnoll.
The endoplasm misses you. The goblin misses you.
The gnoll hits you but does no damage. x2
You shoot a sling bullet. The sling bullet hits the gnoll.
The gnoll is heavily wounded.
The endoplasm closely misses you. The goblin hits you but does no damage.
The gnoll closely misses you. x2
The endoplasm hits you but does no damage.
The goblin hits you but does no damage.
You shoot a sling bullet. The sling bullet hits the gnoll.
You kill the gnoll!
Your attacks no longer feel as feeble.
The gnoll hits you from afar with a +0 spear!
You die...

.. ...#. ... .... ##.#
#..# ..... #..#
.....##..#####
.......g.....
....[.)g##.###########
......J@..............
######..#####..######
##.# ##[# ... #.####
#... .###....####.#
#...........<......
#####.#############


You could see a gnoll (swift), an endoplasm and a goblin.

Vanquished Creatures
  A hound (D:3)
  A gnoll bouda (D:4)
  2 gnolls (D:4)
  4 adders
  A dart slug (D:1)
  7 bats
  5 endoplasms
  A giant cockroach (D:1)
  2 goblins
  2 hobgoblins
  5 kobolds
  3 quokkas
  7 ball pythons
  3 frilled lizards (D:2)
  8 rats
52 creatures vanquished.

Notes
Turn   | Place    | Note
-------+----------+-------------------------------------------
     0 | D:1      | qw the Gargoyle Hexslinger began the quest for the Orb.
     0 | D:1      | Reached XP level 1. HP: 12/12 MP: 2/2
     0 | D:1      | 0 ||| qw: Version: 0.3-a-46-gb1f654a
     0 | D:1      | 0 ||| qw: Game counter: 1142
     0 | D:1      | 0 ||| qw: Melee chars always use a shield: true
     0 | D:1      | 0 ||| qw: God list: Okawaru
     0 | D:1      | 0 ||| qw: Allow faded altars: false
     0 | D:1      | 0 ||| qw: Do Orc after clearing Dungeon:15 true
     0 | D:1      | 0 ||| qw: Do second Lair branch before Depths: true
     0 | D:1      | 0 ||| qw: Lair rune preference: random
     0 | D:1      | 0 ||| qw: Goals: Normal
     0 | D:1      | 0 ||| PLANNING D:1-11
    59 | D:1      | Reached XP level 2. HP: 16/16 MP: 3/3
   191 | D:1      | Reached skill level 3 in Ranged Weapons
   419 | D:1      | Reached XP level 3. HP: 21/21 MP: 4/4
   821 | D:1      | 821 ||| UPGRADING to +0 leather armour.
   831 | D:1      | 831 ||| DROPPING +0 robe.
   832 | D:1      | 832 ||| READING scroll labelled OPI ESOCZY.
   833 | D:1      | 833 ||| READING scroll labelled AMOTEKLORRE.
   837 | D:1      | 837 ||| READING scroll labelled CUENED XEUKHLO.
   838 | D:1      | 838 ||| READING scroll labelled RIF OG KE LUFF.
   839 | D:1      | 839 ||| DROPPING scroll of poison.
   866 | D:2      | Found a faded altar of an unknown god.
  1055 | D:2      | Found a hide-covered altar of Uskayaw.
  1186 | D:2      | Reached XP level 4. HP: 24/26 MP: 5/5
  1455 | D:2      | 1455 ||| UPGRADING to +0 ring mail.
  1465 | D:2      | 1465 ||| DROPPING +0 leather armour.
  1466 | D:2      | 1466 ||| READING scroll labelled OGIL KAMUAHOLL.
  1516 | D:3      | Reached skill level 4 in Ranged Weapons
  1846 | D:3      | Reached XP level 5. HP: 30/30 MP: 6/6
  1962 | D:3      | Found a runed translucent door.
  1963 | D:3      | Noticed Crazy Yiuf
  2119 | D:3      | Identified the +5 whip "Tattletale" {heavy, rElec rPois
                  | rC-}
  2229 | D:3      | Found Past's General Store.
  2238 | D:3      | 2238 ||| BUYING +0 pair of boots (45 gold).
  2238 | D:3      | Bought a +0 pair of boots for 45 gold pieces
  2433 | D:3      | 2433 ||| UPGRADING to +0 pair of boots.
  2438 | D:3      | 2438 ||| READING scroll labelled ANYXTE JEIM.
  2439 | D:3      | 2439 ||| READING scroll labelled GOSHADGHOCSIC.
  2440 | D:3      | 2440 ||| DRINKING 2 metallic clear potions.
  2472 | D:4      | Found the amulet of Elemental Vulnerability {rPois rF--
                  | rC-- AC+8}
  2491 | D:4      | HP: 4/30 [gnoll/+0 spear[a gnoll bouda] (4)]
  2494 | D:4      | Slain by a gnoll

Levels and vault maps discovered:
D:1:      mainiacjoe_arrival_reflecting_pool, layout_basic,
          corexii_hall_statues_i, minmay_misc_feat_columns, minmay_crystal_water
D:2:      layout_basic, basic_altar, basic_ecumenical_altar,
          nicolae_underground_beach
D:3:      layout_basic, serial_shops, shop, uniq_crazy_yiuf_cottage
D:4:      layout_rooms, lemuel_coloured_pillars_altar,
          mainiacjoe_overflow_divided_tiny, vehumet_altar_wand_db

Skill      XL: |  1  2  3  4 |
---------------+-------------+-----
Ranged Weapons | 3 4 |  4.6
Fighting       | 2 |  2.0
Armour         | 2 |  2.1
Dodging        | |  1.5
Spellcasting   | |  1.0
Hexes          | |  2.6

Action                     |  1- 3 |  4- 6 || total
---------------------------+-------+-------++-------
   Fire: Sling             |    92 |    56 ||   148
    Use: Scroll            |     4 |     3 ||     7
         Potion            |       |     1 ||     1
 Armour: Robe              |     1 |       ||     1
         Leather armour    |    10 |     2 ||    12
         Ring mail         |       |    29 ||    29
  Dodge: Dodged            |    17 |    27 ||    44

Table legend:
 A = Non-vault XP
 B = Vault XP
 C = Vault XP percentage of total XP
 D = Non-vault monster count
 E = Vault monster count
 F = Vault count percentage of total count
                 A         B        C        D         E       F
            +---------+---------+-------+---------+---------+-------
      Total |     236 |       0 |   0.0 |      52 |       0 |   0.0
            +---------+---------+-------+---------+---------+-------
        D:1 |      36 |       0 |   0.0 |      21 |       0 |   0.0
        D:2 |      53 |       0 |   0.0 |      20 |       0 |   0.0
        D:3 |      76 |       0 |   0.0 |       8 |       0 |   0.0
        D:4 |      71 |       0 |   0.0 |       3 |       0 |   0.0
            +---------+---------+-------+---------+---------+-------
